Workbook

Sheet DPC - CZ
A1: Univerzita Tomáše Bati ve Zlíně | H1: upraveno: | I1: 2024-04 | J1: Vyplňte pouze žluté oblasti | K1: Fakulta technologická | L1: 11 - profesor | M1: nebyl | N1: není | P1: děkanem/kou
K2: Fakulta logistiky a krizového řízení | L2: 12 - docent | M2: byl | N2: je | P2: rektorem/kou
G3: osobní číslo pracovníka: | K3: Fakulta aplikované informatiky | L3: 13 - odborný asistent | P3: kvestorem/kou
K4: Fakulta multimediálních komunikací | L4: 14 - asistent | P4: ředitelem/kou součásti
A5: Dohoda o pracovní činnosti | K5: Fakulta managementu a ekonomiky | L5: 15 - lektor
K6: Fakulta humanitních studií | L6: 21 - vědecký pracovník
A7: Univerzita Tomáše Bati ve Zlíně, | K7: Univerzitní institut | L7: 22 - techn. - hosp. prac.
K8: Koleje a menza | L8: 23 - prac. děln. povolání
A9: zastoupena | K9: Knihovna | L9: 24 - obch. provozní pracovník
A10: (dále jen "UTB" nebo "zaměstnavatel") | K10: Rektorát | L10: 29 - ostatní
K11: CEBIA-Tech
A12: a pan/í/ | E12: rodné příjmení | K12: Centrum polymerních systémů
A13: (dále jen "zaměstnanec")
A15: všechna dřívější příjmení (mimo rodného)
A18: rodné číslo | D18: datum narození | G18: místo, stát
E20: Počet vychovaných dětí u žen
A22: trvalé bydliště - ulice, číslo popisné/číslo orientační, obec, PSČ, pošta ( u cizinců též adresa pobytu v ČR) :
A25: Státní příslušnost: | G25: Zdravotní pojišťovna:
A27: Je poživatelem důchodu: | D27: Jakého: | G27: Důchod pobírán od:
A29: Název pojišťovny, adresa, číslo soc.pojištění u cizozemské pojišťovny v případě práce v zahraničí bezprostředně předcházející této dohodě :
A32: uzavírají podle § 74, 76 a 77 zákoníku práce tuto dohodu o pracovní činnosti:
A34: I.
A36: 1. Sjednaná práce: | G36: (rozpis činnosti viz. příloha)
A38: Kategorie zaměstnance:*/ | E38: **/
A40: 2. Místo výkonu práce:
A42: 3. Dohoda se uzavírá na dobu určitou od: | F42: do:
A44: 4. Zaměstnanec žádá o vyplacení mzdy:
B45: a) na účet u peněžního ústavu v ČR:
E46: spec. symbol (pokud existuje)
B47: b) na účet u pen. ústavu v zahraničí, stát EU: | F47: IBAN
F48: SWIFT
D49: stát mimo EU: | F49: účet
F50: SWIFT | J50: Nápověda
B51: c) pokladnou | J51: Pokud není vyplněno č.účtu, vyplňte u volby c) nebo d) ANO
A53: II.
A54: UTB ve Zlíně:
A55: 1. Vytvoří zaměstnanci přiměřené podmínky, zajišťující řádný a bezpečný výkon práce.
A57: 2. Bude poskytovat zaměstnanci za vykonanou práci sjednanou odměnu podle zákoníku práce.
A59: 3. Dle § 141 odst. 1 zákoníku práce, odměna za vykonanou práci je splatná čtrnáctý kalendářní den následujícího měsíce
B60: po vykonání práce.
B61: Mezi účastníky | C61: nebyl | D61: **/ dohodnut jiný termín výplaty odměny:
A64: Zaměstnanec souhlasí s poskytnutím svého soukromého emailu:
A65: Výše uvedený soukromý email bude UTB ve Zlíně zpracovávat výlučně pro účely zasílání elektronického výplatního lístku
A66: u dohod účinných od 1. 1. 2015 a uzavřených na méně než 90 dnů (dle Směrnice kvestora Elektronické výplatní lístky
A67: v platném znění). Soukromý email bude zpracováván po dobu nezbytnou pro zasílání elektronického výplatního lístku,
A68: tj. nejpozději do konce měsíce následujícího po měsíci, ve kterém zanikla tato dohoda. Zaměstnanec bere na vědomí, že
A69: tento svůj souhlas může kdykoliv odvolat a to jednostranným prohlášením učiněným vůči UTB ve Zlíně, mzdové účtárně
A70: (viz příloha "Odvolání souhlasu").
A72: III.
A73: Ujednání společná:
A75: 1. Obě strany mohou dohodu vypovědět dle § 77 odst. 5 písm. b) ZP písemně bez udání důvodů s 15 denní výpovědní lhůtou,
B76: která začíná běžet dnem, v němž byla písemná výpověď doručena druhému účastníkovi. Dohoda může
B77: být zrušena zaměstnavatelem okamžitě za podmínek stanovených v § 55 zákoníku práce, nebo kdykoliv
B78: ke sjednanému dni vzájemnou dohodou.
A80: 2. Ostatní práva a povinnosti zaměstnance i UTB ve Zlíně vyplývající z této dohody jsou upraveny zákoníkem práce,
A81: zejména ust. § 74 - 77b.
A83: 3. Smluvní strany se dohodly, že zaměstnanci nepřísluší náhrada odměny z dohody po dobu trvání jiných důležitých osobních
B84: překážek v práci podle § 199 a překážek v práci z důvodu obecného zájmu podle § 200 až 205.
A86: 4. V případě, že právní vztah založený touto dohodou a dalšími dohodami o výkonu práce mimo pracovní poměr trval tak,
B87: jak je uvedeno v příslušných ustanoveních zákoníku práce, je zaměstnanec oprávněn písemně požádat za-
B88: městnavatele o zaměstnání v pracovním poměru.
A90: 5. Jiná ujednání:
A92: IV.
A93: Prohlášení zaměstnance:
A95: Výslovně prohlašuji a podpisem této dohody potvrzuji, že proti mně | F95: není | G95: **/ vedena exekuce (tj. jakýkoliv výkon
A96: rozhodnutí), nebo proti mně | C96: není | D96: **/ zahájeno či vedeno insolvenční či jiné podobné řízení.
A97: Zaměstnanec je povinen bez zbytečného odkladu nahlásit zaměstnavateli jakékoliv změny, které mohou mít vliv na
A98: výplatu odměny, včetně změn týkajících se prohlášení uvedeného v předchozím odstavci.
A99: V případě, že zaměstnanec v důsledku nepravdivých tvrzení a/nebo porušením povinností uvedených v předchozím
A100: odstavci způsobí zaměstnavateli škodu, zavazuje se ji uhradit ve lhůtě do 7 dnů ode dne výzvy zaměstnavatele k
A101: úhradě této škody.
A103: Smluvní strany se dohodly, že zaměstnavatel bude zaměstnanci rozvrhovat pracovní dobu alespoň 1 den před zahájením
A104: období, na které se pracovní doba rozvrhuje. Pro případ, že začátek výkonu práce podle této dohody nastává ke dni jejího
A105: podpisu, smluvní strany prohlašují a podpisem této dohody potvrzují, že byl zaměstnanec písemně seznámen s rozvrhem
A106: pracovní doby.
A108: Zaměstnanec byl v den uzavření dohody (v rámci vstupního školení) seznámen a zavazuje se dodržovat:
A110: a) předpisy o bezpečnosti a ochraně zdraví při práci a další předpisy vztahující se k práci jím vykonávané, zachovávat pracovní
A111: kázeň, neprodleně oznamovat zaměstnavateli změnu své zdravotní pojišťovny a plnit ostatní povinnosti vyplývající z právních
... A161: Ve Zlíně dne
A164: .................................................. | F164: ...............................................................
A165: podpis zaměstnance | F165: podpis navrhujícího
F166: (příkazce operace)
F169: ................................................................
F170: za UTB ve Zlíně - razítko a podpis
F171: oprávněného zaměstnance
F172: (správce rozpočtu)
A175: */ Kategorie zaměstnanců:
A176: 11 - profesor | C176: 14 - asistent | E176: 22 - techn. - hosp. prac. | G176: 29 - ostatní
A177: 12 - docent | C177: 15 - lektor | E177: 23 - prac. děln. povolání
A178: 13 - odborný asistent | C178: 21 - vědecký pracovník | E178: 24 - obch. provozní pracovník
A180: **/ výběr možnosti
A184: ODVOLÁNÍ SOUHLASU
A187: Já, níže podepsaný | C187: ………………………………………………………………………………………………………………....
A189: narozen: | B189: ………………………………………………
A191: bytem | B191: ……………………………………………………………………………………………………………………………………
A193: odvolávám tímto svůj souhlas s poskytnutím a zpracováním své soukromé emailové adresy, který jsem poskytnul za účelem
A194: zasílání elektronického výplatního lístku v souvislosti s dohodou o pracovní činnosti uzavřenou mezi mnou a Univerzitou
A195: Tomáše Bati ve Zlíně.
A199: V ……………………………………… dne …………………….. | J199: Nápověda
J200: Odvolání může být uděleno pouze po skončení platnosti dohody
...

Sheet DPC - EN
A1: Tomas Bata University in Zlín | H1: Version: | I1: 2024-04 | J1: Vyplňte pouze žluté oblasti | K1: Faculty of Technology | L1: Fakulta technologická | M1: 11 - Professor | N1: 11 - profesor | O1: that no | P1: that no | Q1: has not been agreed | S1: dean
K2: Faculty of Logistics and Crisis Management | L2: Fakulta logistiky a krizového řízení | M2: 12 - Associate Professor | N2: 12 - docent | O2: that a | P2: that an | Q2: has been agreed | S2: rector
F3: Worker ID number: | I3: =IF('DPC - CZ'!I3="","",'DPC - CZ'!I3) | K3: Fakulta of Applied Informatics | L3: Fakulta aplikované informatiky | M3: 13 - Senior Lecturer | N3: 13 - odborný asistent | S3: bursar
K4: Faculty of Multimedia Communications | L4: Fakulta multimediálních komunikací | M4: 14 - Lecturer | N4: 14 - asistent | S4: director
A5: Subcontract Agreement | K5: Faculty of Management and Economics | L5: Fakulta managementu a ekonomiky | M5: 15 - Assistant Lecturer | N5: 15 - lektor
K6: Faculty of Humanities | L6: Fakulta humanitních studií | M6: 21 - Researcher | N6: 21 - vědecký pracovník
A7: Tomas Bata University in Zlín, | D7: =IF('DPC - CZ'!D7:I7='DPC - EN'!L1,'DPC - EN'!K1,(IF('DPC - CZ'!D7:I7='DPC - EN'!L2,'DPC - EN'!K2,(IF('DPC - CZ'!D7:I7='DPC - EN'!L3,'DPC - EN'!K3,(IF('DPC - CZ'!D7:I7='DPC - EN'!L4,'DPC - EN'!K4,(IF('DPC - CZ'!D7:I7='DPC - EN'!L5,'DPC - EN'!K5,(IF('DPC - CZ'!D7:I7='DPC - EN'!L6,'DPC - EN'!K6,(IF('DPC - CZ'!D7:I7='DPC - EN'!L7,'DPC - EN'!K7,(IF('DPC - CZ'!D7:I7='DPC - EN'!L8,'DPC - EN'!K8,(IF('DPC - CZ'!D7:I7='DPC - EN'!L9,'DPC - EN'!K9,(IF('DPC - CZ'!D7:I7='DPC - EN'!L10,'DPC - EN'!K10,""))))))))))))))))))) | K7: University Institute | L7: Univerzitní institut | M7: 22 - Administration and technical staff | N7: 22 - techn. - hosp. prac.
K8: Library | L8: Koleje a menza | M8: 23 - Manual worker | N8: 23 - prac. děln. povolání
A9: represented by | B9: =IF('DPC - CZ'!B9='DPC - CZ'!P1,S1,IF('DPC - CZ'!B9='DPC - CZ'!P2,S2,IF('DPC - CZ'!B9='DPC - CZ'!P3,S3,IF('DPC - CZ'!B9='DPC - CZ'!P4,S4,"")))) | D9: =IF('DPC - CZ'!D9="","",'DPC - CZ'!D9) | K9: Halls of Residence and Refectoy | L9: Knihovna | M9: 24 - Business administration staff | N9: 24 - obch. provozní pracovník
A10: (hereinafter as "TBU in Zlín" or "Employer") | K10: Rectorate | L10: Rektorát | M10: 29 - Other professions | N10: 29 - ostatní
K11: CEBIA-Tech | L11: CEBIA-Tech
A12: and Mr./Mrs. | B12: =IF('DPC - CZ'!B12:D12="","",'DPC - CZ'!B12:D12) | E12: Maiden name: | G12: =IF('DPC - CZ'!G12:I12="","",'DPC - CZ'!G12:I12) | K12: Centre of Polymer Systems | L12: Centrum polymerních systémů
A13: (hereinafter as "Worker")
A15: All previous names (except for maiden name): | E15: =IF('DPC - CZ'!E15:I15="","",'DPC - CZ'!E15:I15)
A17: Birth Certificate No.: | B17: =IF('DPC - CZ'!B18:C18="","",'DPC - CZ'!B18:C18) | D17: Date of birth: | F17: =IF('DPC - CZ'!F18="","",'DPC - CZ'!F18) | G17: Place of birth, country: | H17: =IF('DPC - CZ'!H18:I18="","",'DPC - CZ'!H18:I18)
D19: Women only - number of children raised: | H19: =IF('DPC - CZ'!H20:I20="","",'DPC - CZ'!H20:I20)
A21: Permanent address - Street, Land-registry No./House No.,Town/village, Postcode, Post office (Foreigners only-residential address in the CR):
A22: =IF('DPC - CZ'!A23:I23="","",'DPC - CZ'!A23:I23)
A24: Nationality: | G24: Health insurance company: | I24: =IF('DPC - CZ'!I25="","",'DPC - CZ'!I25)
A26: Pension received: YES/NO | C26: =IF('DPC - CZ'!C27="","",(IF('DPC - CZ'!C27="Ano","Yes","No"))) | D26: Type of pension: | G26: Pension received since: | I26: =IF('DPC - CZ'!I27="","",'DPC - CZ'!I27)
A28: Name and address of current insurance company, Social Security No. - foreign insurance ID No.
A29: (in the event work abroad arises immediately preceding this Agreement):
A30: =IF('DPC - CZ'!A30:I30="","",'DPC - CZ'!A30:I30)
A32: are entering into the following Subcontract Agreement in compliance with § 74, 76 and 77 of the Labour Code:
A34: I
A36: 1.Scope of work agreed upon: | G36: (List of activities is included in the Annex)
A38: Worker category:*/ | C38: =IF('DPC - CZ'!C38:D38='DPC - EN'!N1,'DPC - EN'!M1,(IF('DPC - CZ'!C38:D38='DPC - EN'!N2,'DPC - EN'!M2,(IF('DPC - CZ'!C38:D38='DPC - EN'!N3,'DPC - EN'!M3,(IF('DPC - CZ'!C38:D38='DPC - EN'!N4,'DPC - EN'!M4,(IF('DPC - CZ'!C38:D38='DPC - EN'!N5,'DPC - EN'!M5,(IF('DPC - CZ'!C38:D38='DPC - EN'!N6,'DPC - EN'!M6,(IF('DPC - CZ'!C38:D38='DPC - EN'!N7,'DPC - EN'!M7,(IF('DPC - CZ'!C38:D38='DPC - EN'!N8,'DPC - EN'!M8,(IF('DPC - CZ'!C38:D38='DPC - EN'!N9,'DPC - EN'!M9,(IF('DPC - CZ'!C38:D38='DPC - EN'!N10,'DPC - EN'!M10,"")))))))))))))))))))
A40: 2. Location of work: | C40: =IF('DPC - CZ'!C40:G40="","",'DPC - CZ'!C40:G40)
A42: 3. The Agreed range of working hours is listed in the appendix.
A44: 4. Agreement is binding for a limited period from: | D44: =IF('DPC - CZ'!D42="","",'DPC - CZ'!D42) | E44: to: | F44: =IF('DPC - CZ'!G42="","",'DPC - CZ'!G42)
A46: 5. The Worker requests that the remuneration be paid:
B47: a) to his/her bank account in the | E47: =IF('DPC - CZ'!E45:I45="","",'DPC - CZ'!E45:I45)
B48: Czech Republic: | E48: Specific Code (if applicable) | H48: =IF('DPC - CZ'!H46="","",'DPC - CZ'!H46)
B49: b) to his/her bank account abroad; | D49: EU country: | F49: IBAN | G49: =IF('DPC - CZ'!G47:I47="","",'DPC - CZ'!G47:I47)
F50: SWIFT | G50: =IF('DPC - CZ'!G48:I48="","",'DPC - CZ'!G48:I48)
D51: country outside the EU: | F51: account No. | G51: =IF('DPC - CZ'!G49:I49="","",'DPC - CZ'!G49:I49)
F52: SWIFT | G52: =IF('DPC - CZ'!G50:I50="","",'DPC - CZ'!G50:I50) | J52: Please note:
B53: c) in the Cash Office | H53: =IF('DPC - CZ'!H51="","",'DPC - CZ'!H51) | J53: If you did not enter a bank account number, select the c) or d) option and enter YES.
A55: II
A56: TBU in Zlín:
A57: 1. Shall provide appropriate conditions to the Worker in order to ensure proper and safe work performance.
A59: 2. Shall remunerate the Worker for the work performed in compliance with the Labour Code, in the amount agreed upon.
A61: 3. In compliance with § 141 Paragraph 1 of the Labour Code, the remuneration for the work performed is due on the 14th calendar day
B62: of the month following after the month during which services were completed.
A63: A different date of the remuneration payment | D63: =IF('DPC - CZ'!C61="nebyl",'DPC - EN'!Q1,'DPC - EN'!Q2) -> has not been agreed | E63: upon between the contracting parties: | H63: =IF('DPC - CZ'!H61:I61="","",'DPC - CZ'!H61:I61)
A66: The Worker gives his/her consent to the provision of his/her private e-mail: | G66: =IF('DPC - CZ'!G64:I64="","",'DPC - CZ'!G64:I64)
A67: The abovementioned private email shall be processed at TBU in Zlín solely to be used for sending the electronic payslips in case of Contracts
A68: for Services effective from 01/01/2015 and entered into for a period of less than 90 days (in compliance with the Bursar's Directive
A69: Electronic Payslips, as amended). The private email shall be processed for the period necessary for sending the electronic payslip,
A70: i.e. till the end of the month following after the month in which this Agreement expires. The Worker takes into account that he/she
A71: can cancel this consent at any time, by making a unilateral statement and submitting it to TBU in Zlín, Payroll (see Annex "Cancellation
A72: of the Consent").
A74: III
A75: Mutual arrangements:
A77: 1. In compliance with § 77 Paragraph 5 letter b) of the Labour Code, any of the contracting parties can withdraw from the Agreement in writing
B78: without giving a reason, with a notice period of 15 days which starts to run on the day when the written notice of withdrawal is
B79: delivered to the other contracting party. The Agreement can be terminated by the Employer immediately in compliance
B80: with the terms and conditions determined in § 55 of the Labour Code, or at any time on the date agreed upon between
B81: the contracting parties.
A82: 2. Other rights and obligations of the Worker and of TBU in Zlín arising from this Agreement are regulated by the Labour Code, in particular
B83: by the provisions of § 74 up to 77b.
A85: 3. Parties have agreed, that the Worker will not be entitled to compensation from the agreement for duration of other important
B86: personal obstacles to wokr according to § 199 and obstacles to work due to general interest according to § 200
B87: to 205.
A89: 4. In the event that legal relationship established by this agreement an other agreements on the peformance of work outside
B90: the employment relationship lasted as is stated in the relevant provisions of the Labour Code, the Worker is
B91: entitled to request in writing to the employer form employment in an employment relationship.
A93: 5. Additional provisions:
A95: IV
A96: Statement by the Worker:
A98: I explicitly state | B98: =IF('DPC - CZ'!F95="není",'DPC - EN'!O1,'DPC - EN'!O2) -> that no | C98: foreclosure process (i.e. any type of a decision being enforced) is used against me, and
A99: =IF('DPC - CZ'!C96="není",'DPC - EN'!P1,'DPC - EN'!P2) -> that no | B99: insolvency process or a similar legal process is initiated or used against me, and I hereby sign this Contract
A100: in order to confirm the facts stated above.
A102: The Worker is obliged to inform the TBU in Zlín without undue delay about all changes which might influence the payment of
A103: the remuneration, including any type of changes regarding the statement given in the preceding paragraph.
A105: In the event that the Worker due to a false claim and/or due to his/her failure to fulfil the obligations mentioned in the preceding
A106: paragraph inflicts damage on the TBU in Zlín, the Worker undertakes to compensate the TBU in Zlín for the damage incurred
A107: within 7 days after being requested by the TBU in Zlín to do so.
A109: The contracting parties have agreed that the Employer will schedule the employee's working hours at least 1 day before the start
A110: of the period for which the working hours are scheduled. In the event that the performance of work under this agreement begins on
A111: the date of its signature, the parties declare and confirm by signing this agreement that the Employee has been informed
A112: of the working time schedule in writing.
A114: The Worker has been been acquainted with on the day of the conclusion of the subcontract agreement (as part of the initial training) and
A115: undertakes to observe:
... A166: terms and conditions.
A168: In Zlín on | B168: =IF('DPC - CZ'!B161:C161="","",'DPC - CZ'!B161:C161)
A171: .................................................. | F171: ................................................................
A172: Signature of the Worker | F172: Signature of the proposer
F173: (Payment Mandator)
F176: ................................................................
F177: On behalf of TBU in Zlín - Stamp and
F178: signature of authorized employee
F179: (Budget Administrator)
A182: */ Worker category:
A183: 11 - Professor | C183: 14 - Lecturer | E183: 22 - Administration and technical staff | H183: 29 - Other professions
A184: 12 - Associate Professor | C184: 15 - Assistant Lecturer | E184: 23 - Manual worker
A185: 13 - Senior Lecturer | C185: 21 - Researcher | E185: 24 - Business administration staff
A187: **/ Option selection
A190: CANCELLATION OF THE CONSENT
A193: I, the undersigned | C193: ………………………………………………………………………………………………………………………………………
...
